 Dungeon Crawl Stone Soup version 0.29-a0-716-gf28ee254f9 (webtiles) character file.

Game seed: 5995952550398142925

273 Conn the Firebug (level 6, 0/36 HPs)
             Began as an Octopode Fire Elementalist on June 26, 2022.
             Killed by divine providence
             ... invoked by an orc priest
              (15 damage)
             ... on level 3 of the Dungeon.
             The game lasted 00:06:38 (2731 turns).

Conn the Firebug (Octopode Fire Elementalist)       Turns: 2731, Time: 00:06:40

Health: 0/36       AC:  1    Str:  7    XL:     6   Next: 24%
Magic:  5/11       EV: 13    Int: 20    God:
Gold:   132        SH:  0    Dex: 12    Spells: 5/11 levels left

rFire   . . .      SeeInvis .   k - +0 dagger
rCold   . . .      Faith    .   (no shield)
rNeg    . . .      Spirit   .   (helmet restricted)
rPois   .          Reflect  .   b - amulet of magic regeneration
rElec   .          Harm     .   (no ring)
rCorr   .          Rampage  .   (no ring)
Will    .....                   (no ring)
Stlth   +++.......              (no ring)
HPRegen 0.12/turn               (no ring)
MPRegen 0.52/turn               (no ring)
                                (no ring)
                                (no ring)

@: no status effects
A: almost no armour, amphibious, 8 rings, camouflage 1, gelatinous body 1,
(nimble swimmer 1), tentacles
a: no special abilities


You were on level 3 of the Dungeon.
You visited 1 branch of the dungeon, and saw 4 of its levels.
You also visited: Sewer.

You collected 132 gold pieces.

Inventory:

Hand Weapons
 k - a +0 dagger (weapon)
Missiles
 h - 5 silver javelins
 n - 7 poisoned darts
Jewellery
 b - an amulet of magic regeneration (around mantle)
 l - an amulet of faith
Scrolls
 d - 2 scrolls of teleportation {unknown}
 g - 4 scrolls of identify {unknown}
 i - 2 scrolls of noise {unknown}
 j - a scroll of silence {unknown}
 m - a scroll of blinking {unknown}
 q - 3 scrolls of fear {unknown}
 r - a scroll of amnesia {unknown}
 s - a scroll of enchant weapon {unknown}
 t - a scroll of enchant armour {unknown}
 u - a scroll of summoning {unknown}
Potions
 a - a potion of magic
 c - a potion of degeneration {unknown}
 e - 2 potions of curing
 f - a potion of attraction {unknown}
 o - a potion of heal wounds {unknown}
 p - 2 potions of lignification {unknown}
 v - a potion of mutation {unknown}
 w - a potion of haste {unknown}


   Skills:
 + Level 0.1 Fighting
 + Level 0.2 Short Blades
 + Level 2.2 Dodging
 + Level 3.8 Stealth
 + Level 0.3 Unarmed Combat
 + Level 3.3 Spellcasting
 + Level 2.8 Conjurations
 + Level 4.6 Fire Magic


You had 5 spell levels left.
You knew the following spells:

 Your Spells              Type           Power      Damage    Failure   Level
a - Foxfire               Conj/Fire      72%        2x1d7     3%          1
b - Conjure Flame         Conj/Fire      18%        6-21      9%          3
e - Scorch                Fire           44%        2d7       3%          2

Your spell library contained the following spells:

 Spells                   Type           Power      Damage    Failure   Level
 Sandblast                Erth           6%         2d5       14%         1
 Inner Flame              Hex/Fire       12%        N/A       16%         3
 Passwall                 Tmut/Erth      2%         N/A       21%         2
 Stone Arrow              Conj/Erth      18%        3d8       22%         3
 Flame Wave               Conj/Fire      18%        2d6       28%         4


Dungeon Overview and Level Annotations

Branches:
Dungeon (4/15)              Sewer (visited)
 Temple: D:4-7

Altars:
Xom


Innate Abilities, Weirdness & Mutations

You cannot wear most types of armour.
You are amphibious.
You can wear up to eight rings at the same time.
Your skin changes colour to match your surroundings (Stealth+).
Your rubbery body absorbs attacks. (AC +1, EV +1)
((You are camouflaged when in or above water. (Stealth+)))
You have tentacles for arms and can constrict up to eight enemies at once.


Message History

The orc priest hits you with a +0 hand axe!
The orc wizard casts a spell at you. The magic dart hits you!
You climb upwards.
There is a stone staircase leading down here.
Casting: Foxfire (safe; 3% risk of failure)
Confirm with . or Enter, or press ? or * to list all spells.
Flames lash the orc wizard.
The orc wizard is moderately wounded.
The orc wizard's fire resistance burns away.
The orc priest hits you with a +0 hand axe.
The orc wizard gestures at you while chanting.
You resist with some effort.
Casting: Scorch (safe; 3% risk of failure)
Confirm with . or Enter, or press ? or * to list all spells.
Flames lash the orc wizard.
The orc wizard is burned terribly!
The orc wizard is almost dead.
The orc priest hits you with a +0 hand axe!
The orc wizard completely misses you.
Unknown command.
Casting: Scorch (safe; 3% risk of failure)
Confirm with . or Enter, or press ? or * to list all spells.
Flames lash the orc priest.
The orc priest is moderately wounded.
The orc priest's fire resistance burns away.
The orc priest closely misses you. The orc wizard casts a spell at you.
The magic dart hits you.
* * * LOW HITPOINT WARNING * * *
It was a potion of curing.
You feel better. The orc priest barely misses you.
The orc wizard casts a spell at you. You resist with some effort.
Okay, then.
Casting: Scorch (safe; 3% risk of failure)
Confirm with . or Enter, or press ? or * to list all spells.
Flames lash the orc wizard.
The orc wizard is burned terribly!
You kill the orc wizard!
The orc priest invokes the aid of Beogh against you.
Beogh smites you!
You die...

#.# #.#.# #.[....#######
#.# #.#.####.###.## #.#
#............# #.#
###.####.##### #.######.#
#.### #........####.#.##
##.............#.##
##########
#.#####.##..)###.##
#....>.... #.#
#.##...@.##.###.#######.
#.#
#.##..o#.............##.
#.#
##.###...#.#####.####.##.
#.# #...##..#.## #.#
#.##. #.# ##.###..### #.#
#.##. #.# #.# #..# #.#
#.... #.# #.# #..# #.#
####. #.# ##.###..# #.#
#. #.####...##..## #.# #.


You could see an orc priest (combustible).

Vanquished Creatures
  Pargi (Sewer)
  An orc wizard (D:3)
  4 gnolls
  4 adders (D:2)
  A river rat (D:3)
  A worm (D:2)
  3 dart slugs
  10 ball pythons
  13 endoplasms
  5 giant cockroaches
  4 hobgoblins
  3 jackals (D:1)
  7 kobolds
  A quokka (D:3)
  5 bats
  6 frilled lizards
  4 goblins
  13 rats
86 creatures vanquished.

Vanquished Creatures (others)
  264 foxfires
  2 withered plants (D:1)
266 creatures vanquished.

Grand Total: 352 creatures vanquished

Notes
Turn   | Place    | Note
-------+----------+-------------------------------------------
     0 | D:1      | Conn the Octopode Fire Elementalist began the quest for the
                  | Orb.
     0 | D:1      | Reached XP level 1. HP: 11/11 MP: 3/3
   107 | D:1      | Reached XP level 2. HP: 17/17 MP: 0/5
   149 | D:1      | Learned a level 2 spell: Scorch
   194 | D:1      | Reached XP level 3. HP: 21/21 MP: 4/6
   310 | D:1      | Found a faded altar of an unknown god.
   531 | D:2      | Learned a level 3 spell: Conjure Flame
   532 | D:2      | Found a shimmering altar of Xom.
   730 | D:2      | Reached skill level 4 in Fire Magic
   730 | D:2      | Reached XP level 4. HP: 23/27 MP: 5/7
  1619 | D:3      | Reached XP level 5. HP: 24/31 MP: 9/9
  1771 | D:3      | Found a glowing drain.
  1791 | Sewer    | Entered a sewer
  1874 | Sewer    | Noticed Pargi
  1898 | Sewer    | Killed Pargi
  1899 | Sewer    | Reached XP level 6. HP: 36/36 MP: 6/10
  2731 | D:3      | Killed from afar by an orc priest

Illustrated notes

Levels and vault maps discovered:
D:1:      kennysheep_arrival_forest, layout_basic,
          shapermc_ecumenical_altar_flowoftime
D:2:      layout_basic, basic_altar, serial_rivers,
          chequers_serial_rivers_room_a, chequers_serial_rivers_large_b,
          chequers_serial_rivers_large_a, chequers_serial_rivers_small_3,
          minmay_tetromino_i2
D:3:      layout_loops_ring, portal_sewer_entry_a
D:4:      cheibrodos_fertilizer, layout_loops_ring, lemuel_crystal_altar,
          nicolae_ru_the_path_less_chosen

Skill      XL: |  1  2  3  4  5 |
---------------+----------------+-----
Stealth        | 3 |  3.8
Fire Magic     | 4 |  4.6
Conjurations   | 2 |  2.8
Spellcasting   | 3 |  3.3
Fighting       | |  0.1
Short Blades   | |  0.2
Dodging        | |  2.2
Unarmed Combat | |  0.3

Action                   |  1- 3 |  4- 6 || total
-------------------------+-------+-------++-------
Melee: Unarmed           |    24 |       ||    24
       Tentacles         |    10 |     6 ||    16
       Constrict         |     7 |     6 ||    13
       Dagger            |     1 |    22 ||    23
       Punch             |     1 |     1 ||     2
 Cast: Foxfire           |    44 |   111 ||   155
       Scorch            |       |     6 ||     6
       Conjure Flame     |       |     1 ||     1
  Use: Potion            |       |     1 ||     1
 Stab: Sleeping          |     3 |     8 ||    11
Armor: Skin              |     1 |       ||     1
Dodge: Dodged            |    13 |    17 ||    30

Table legend: (Time is in decaauts)
 A = Elapsed time spent in this place.
 B = Non-inter-level travel time spent in this place.
 C = Inter-level travel time spent in this place.
 D = Time resting spent in this place.
 E = Time spent auto-exploring this place.
 F = Levels seen in this place.
 G = Mean time per level.
                   A        B        C        D        E       F      G
               +--------+--------+--------+--------+--------+-----+--------+
         Total |   2729 |   2667 |     62 |      0 |   1870 |   5 |  545.8 |
       Dungeon |   2402 |   2340 |     62 |      0 |   1692 |   4 |  600.5 |
         Sewer |    326 |    326 |      0 |      0 |    178 |   1 |  326.0 |
               +--------+--------+--------+--------+--------+-----+--------+

Top non-repeatable levels by time:
     D:2: 997 daAuts
     D:3: 877 daAuts
     D:1: 526 daAuts
   Sewer: 326 daAuts
     D:4: 1 daAuts
